 Dungeon Crawl Stone Soup version 0.19.5 (webtiles) character file.

709 KarvaRausku the Chopper (level 7, -9/60 HPs)
             Began as a Minotaur Gladiator on Mar 6, 2017.
             Mangled by Eustachio
             ... wielding a +0 rapier
              (10 damage)
             ... on level 4 of the Dungeon on May 9, 2017.
             The game lasted 00:06:03 (2729 turns).

KarvaRausku the Chopper (Minotaur Gladiator)        Turns: 2729, Time: 00:06:04

Health: -9/60      AC:  0    Str: 21      XL:     7   Next: 40%
Magic:  6/6        EV: 15    Int: 10      God:
Gold:   131        SH:  0    Dex: 10 (11) Spells: 0 memorised, 6 levels left

rFire  . . .     SeeInvis .     (weapon currently unavailable)
rCold  . . .     Gourm    .     (armour currently unavailable)
rNeg   . . .     Faith    .     (shield currently unavailable)
rPois  .         Spirit   .     (helmet currently unavailable)
rElec  .         Reflect  .     (cloak currently unavailable)
rCorr  .         Harm     .     (gloves currently unavailable)
MR     .....                    (boots currently unavailable)
Stlth  +.........               (no amulet)
                                (ring currently unavailable)
                                (ring currently unavailable)

@: brilliant, pig-form, very quick
A: (retaliatory headbutt), (horns 0)
a: no special abilities


You were on level 4 of the Dungeon.
You were hungry.
You were a filthy swine.
You visited 1 branch of the dungeon, and saw 4 of its levels.

You collected 131 gold pieces.

Inventory:

Hand Weapons
 a - a +0 war axe (melded)
Missiles
 d - 3 throwing nets (quivered)
Armour
 b - a +0 leather armour (melded)
 c - a +0 hat (melded)
 t - a +0 large shield (melded)
Wands
 o - a wand of polymorph (11/24)
Scrolls
 e - a scroll of remove curse
 h - 7 scrolls of identify {unknown}
 k - a scroll of enchant armour {unknown}
 n - a scroll of immolation {unknown}
 p - 3 scrolls of fear {unknown}
 q - a scroll of teleportation {unknown}
 r - 4 scrolls of amnesia {unknown}
 s - a scroll of enchant weapon {unknown}
Potions
 g - a potion of lignification
 i - 2 potions of brilliance
 j - a potion of ambrosia
 l - a potion of heal wounds
Comestibles
 f - 5 bread rations
 m - 2 meat rations


   Skills:
 + Level 4.8 Fighting
 + Level 7.7 Axes
 - Level 2.0 Throwing
 + Level 3.7 Armour
 - Level 3.2 Dodging
 + Level 3.6 Shields


You had 6 spell levels left.
You didn't know any spells.

Dungeon Overview and Level Annotations

Branches:
Dungeon (4/15)
 Temple: D:4-7

Altars:
Ru
Xom

Annotations:
D:4 Eustachio


Innate Abilities, Weirdness & Mutations

((You reflexively headbutt those who attack you in melee.))
((You have a pair of horns on your head.))


Message History

The iron imp hits you!
* * * LOW HITPOINT WARNING * * *
The bat hits you.
* * * LOW HITPOINT WARNING * * *
The crimson imp hits you.
* * * LOW HITPOINT WARNING * * *
Eustachio misses you.
You feel better. The bat barely misses you. The crimson imp hits you.
* * * LOW HITPOINT WARNING * * *
The iron imp closely misses you. Eustachio hits you with a rapier!
* * * LOW HITPOINT WARNING * * *
You are stuck in your current form!
Unknown command.
You are stuck in your current form!
It was a potion of brilliance.
You feel clever all of a sudden. The bat hits you.
* * * LOW HITPOINT WARNING * * *
The crimson imp closely misses you. Eustachio hits you with a rapier!
You die...

...........####..
....p........... ..
#............. .....
#............ .....
#........... #...<.
#.......#... ###.....#
##.......... #........#
#b5.......# ..........#
##5h......##
...........###.@.......#
...........##..........#
.รท.........#..>.....#..#
..................###...#
................!## ..#
................## ..
...####.......### ...##
#......##


You could see Eustachio, an iron imp, a crimson imp, a bat and a neutral freed
slave (wandering).

Vanquished Creatures
  Pikel (D:3)
  Edmund (D:3)
  A scorpion (D:4)
  Jessica (D:2)
  Terence (D:2)
  3 adders
  3 worms
  2 dart slugs
  A leopard gecko (D:3)
  An orc (D:3)
  2 ball pythons
  3 giant cockroaches
  2 goblins
  6 hobgoblins
  2 quokkas
  7 bats
  4 frilled lizards (D:1)
  5 kobolds
  10 rats
56 creatures vanquished.

Vanquished Creatures (others)
  Natasha (D:4)
1 creature vanquished.

Grand Total: 57 creatures vanquished

Notes
Turn   | Place    | Note
-------+----------+-------------------------------------------
     0 | D:1      | KarvaRausku the Minotaur Gladiator began the quest for the Orb.
     0 | D:1      | Reached XP level 1. HP: 18/18 MP: 0/0
    81 | D:1      | Reached skill level 4 in Axes
   129 | D:1      | Reached XP level 2. HP: 24/25 MP: 1/1
  1096 | D:2      | Reached skill level 5 in Axes
  1101 | D:2      | Noticed Jessica
  1105 | D:2      | Killed Jessica
  1105 | D:2      | Reached XP level 3. HP: 30/30 MP: 2/2
  1116 | D:2      | Noticed Terence
  1121 | D:2      | Killed Terence
  1121 | D:2      | Reached skill level 6 in Axes
  1121 | D:2      | Reached XP level 4. HP: 26/37 MP: 3/3
  2208 | D:4      | Found a sacrificial altar of Ru.
  2208 | D:4      | Noticed Pikel
  2208 | D:4      | Noticed a slave
  2208 | D:4      | Noticed a slave
  2209 | D:4      | Noticed a slave
  2211 | D:4      | Noticed a slave
  2236 | D:3      | Killed Pikel
  2236 | D:3      | Reached skill level 7 in Axes
  2236 | D:3      | Reached XP level 5. HP: 20/47 MP: 4/4
  2236 | D:3      | Reached XP level 6. HP: 23/53 MP: 5/5
  2236 | D:3      | Reached XP level 7. HP: 26/60 MP: 6/6
  2335 | D:4      | Found a shimmering altar of Xom.
  2346 | D:4      | Noticed Edmund
  2545 | D:3      | Killed Edmund
  2630 | D:4      | Killed Natasha
  2656 | D:4      | Noticed Eustachio
  2728 | D:4      | HP: 2/60 [Eustachio/rapier (7)]
  2729 | D:4      | Mangled by Eustachio

Skill      XL: |  1  2  3  4 |
---------------+-------------+-----
Axes           | 4 5 6 7 |  7.7
Fighting       | 4 |  4.8
Armour         | 3 |  3.7
Shields        | 3 |  3.6
Throwing       | |  2.0
Dodging        | |  3.2

Action                   |  1- 3 |  4- 6 |  7- 9 || total
-------------------------+-------+-------+-------++-------
Melee: War axe           |    45 |    64 |    46 ||   155
       Headbutt          |     6 |    15 |     1 ||    22
       Unarmed           |       |       |    21 ||    21
Throw: Throwing net      |       |     1 |       ||     1
  Use: Scroll            |       |     1 |       ||     1
       Potion            |       |       |     7 ||     7
  Eat: Chunk             |     1 |     3 |     1 ||     5
Armor: Leather armour    |    13 |    12 |    11 ||    36
       Skin              |       |       |    66 ||    66
Dodge: Dodged            |    34 |    31 |    45 ||   110
Block: Large shield      |       |    40 |    63 ||   103
